woodfighter, neutral female human Wizard ----------- ##..........| # |.........| ########+.........| # # |.........| # #.<........| # --.-------- ## # | # # |( # ### |. # # |!. # ### --|.. # [ .-... # ### |..W|f *######## # |...@# -.-+-- -..f|# |>...| ..... |....| ------ ------ woodfighter the Thaumaturge Experience level: 7 Strength: 11 Dexterity: 13 Constitution: 14 Intelligence: 17 Wisdom: 18 Charisma: 8 Health: 0(48) Energy: 0(96) Def: 1 Gold: 415 Moves: 3470 Dungeon seed: UsjPyPzi2lSWM5IP Game ID: woodfighter_1447434905 Your Inventory: Coins $ - 415 gold pieces Amulets C - an uncursed amulet of unchanging (being worn) Weapons a - a blessed +1 quarterstaff (weapon in hands) Armor e - an uncursed +0 cloak of magic resistance (being worn) w - an uncursed +0 dwarvish cloak A - an uncursed +0 mummy wrapping E - a blessed +0 dwarvish cloak P - a blessed +1 dwarvish cloak S - an uncursed +0 dwarvish cloak Y - an uncursed +0 dwarvish cloak Comestibles o - an uncursed sprig of wolfsbane Scrolls f - an uncursed scroll of teleportation g - 2 uncursed scrolls of scare monster l - an uncursed scroll of enchant weapon v - an uncursed scroll of gold detection H - a cursed scroll of enchant armor Q - a cursed scroll of water Spellbooks b - a blessed spellbook of force bolt c - an uncursed spellbook of stone to flesh p - an uncursed spellbook of slow monster L - an uncursed spellbook of jumping Potions i - a blessed potion of oil j - an uncursed potion of water k - an uncursed potion of invisibility m - an uncursed potion of hallucination B - an uncursed potion of fruit juice K - an uncursed potion of speed M - an uncursed potion of confusion T - a blessed potion of fruit juice Rings Z - a cursed ring of poison resistance Wands d - a wand of nothing (0:5) D - a wand of sleep (0:5) J - a wand of digging (0:8) W - a wand of digging (0:4) Tools G - 3 uncursed wax candles (0:400) I - an uncursed magic whistle R - a fire horn (0:4) Gems n - an uncursed worthless piece of yellow glass q - 3 uncursed worthless pieces of white glass r - an uncursed worthless piece of violet glass x - an uncursed luckstone y - an uncursed worthless piece of yellowish brown glass z - an uncursed jasper stone F - 2 uncursed obsidian stones N - an uncursed amber stone O - an uncursed citrine stone U - an uncursed worthless piece of black glass V - an uncursed amethyst stone Spells and supernatural/magical abilities: Name Level Category Fail Memory a - force bolt 1 attack 0% 83% j - jumping 1 escape 0% 98% s - slow monster 2 enchantment 0% 94% S - stone to flesh 3 healing 85% 83% W - pray for help -- divine ? -- Your skills at the end: Miscellaneous Skills wands [Basic] Weapon Skills quarterstaff [Basic] Spellcasting Skills attack spells [Basic] enchantment spells [Basic] Final Attributes: You were devoutly aligned. You were magic-protected. You could not change from your current form. You were lucky. You had extra luck. Bad luck did not time out for you. Good luck did not time out for you. You are dead. Vanquished creatures: a leprechaun a gnome king a raven a gnome mummy a rope golem a bugbear an imp 4 Uruk-hai a rock mole a rock piercer a pony 2 gnome lords 2 gnomish wizards 4 elf zombies 5 dwarves a kobold lord a kobold shaman 2 iguanas a werejackal 4 coyotes a hobbit 6 geckos 2 giant rats 16 gnomes 9 jackals 3 kobolds 6 newts a sewer rat 6 grid bugs 4 lichens 2 kobold zombies 92 creatures vanquished. Voluntary challenges: You used a wielded weapon 111 times, starting on turn 51. You did not apply a unicorn horn. You read items or engraved 7 times, starting on turn 919. You never genocided any monsters. You never polymorphed an object. You never changed form. You used no wishes. You never split a pudding. You never wrote Elbereth's name. You never violated your personal moral code. Dungeon overview: The Dungeons of Doom: levels 1 to 5 Level 1 a fountain a long staircase Level 2 a scroll shop, a fountain Level 3 an altar to Anhur Level 4 stairs to The Gnomish Mines Level 5 The Gnomish Mines: levels 5 to 8 Level 5 stairs to The Dungeons of Doom Level 6 Level 7 <- You were here Level 8 History has recorded: On T:1 you entered the Dungeons of Doom to retrieve the Amulet of Yendor! On T:120 you reached level 2 of The Dungeons of Doom. On T:365 you reached level 3 of The Dungeons of Doom. On T:748 you advanced to experience level 2. On T:923 you reached level 4 of The Dungeons of Doom. On T:1242 you advanced to experience level 3. On T:1328 you reached level 1 of The Gnomish Mines. On T:1496 you reached level 5 of The Dungeons of Doom. On T:1537 you advanced to experience level 4. On T:1569 you advanced to experience level 5. On T:1698 you reached level 2 of The Gnomish Mines. On T:2101 you advanced to experience level 6. On T:2563 you reached level 3 of The Gnomish Mines. On T:3380 you reached level 4 of The Gnomish Mines. On T:3451 you advanced to experience level 7. Score breakdown: Gold: 415 ( 41 points) Experience: 7 levels ( 600 points) Exploration: 8 levels ( 210 points) Discoveries: 6 items ( 300 points) Variety of kills: 31 monsters ( 1550 points) Major goal: (nothing yet) ( 0 points) Survival: died (score multiplied by 3) Total score: 8103 Latest messages: H - a cursed scroll labeled KERNOD WEL. v - an uncursed scroll labeled NR 9. K - an uncursed bubbly potion. M - an uncursed dark potion. B - an uncursed white potion. Z - a cursed jade ring. W - an uncursed iron wand. J - an uncursed iron wand. D - an uncursed marble wand. t - an uncursed partly used candle. G - 3 uncursed candles. R - an uncursed fire horn. I - an uncursed magic whistle. F - 2 uncursed black gems. U - an uncursed black gem. z - an uncursed red gem. x - an uncursed stone called not touch or load. r - an uncursed violet gem. V - an uncursed violet gem. O - an uncursed yellow gem. The spell misses the jaguar. You feel more confident in your spell casting skills. The jaguar claws you! (2x) The jaguar bites! You die... Final status: Goodbye woodfighter the Wizard, killed by a jaguar... You died in The Gnomish Mines on dungeon level 7 with 8103 points, and 415 pieces of gold, after 3470 moves. You were level 7 with a maximum of 48 hit points when you died.